cohdb
Replays
Latest Replays
All Replays
Popular Replays
Top Player Replays
Match Explorer
How It Works
Community
CoH3 Stats
Reddit
Sign in to upload your games and track your stats! →
Sign in with Steam
Match 38623089
Unlisted
Match 38623089
Overview
Messages
Build Orders
End
Kradschützen Motorcycle Team
Selects Armored Support Battlegroup
Panzergrenadier Squad
Panzergrenadier Squad
Construct Light Support Kompanie
2.5-tonne Medical Truck
Construct Mechanized Kompanie
8 Rad Armored Car
Veteran Squad Leaders
Assault Mechanized Group
Selects Salvage Kits
Selects Veteran Gunners
Construct Panzerarmee Kommand
Selects Flammpanzer III Medium Tank
Panzer III L Medium Tank
Rapid Advance
Advanced Optics
Tungsten Core Ammunition
Selects Command Panzer IV F Medium Tank
Selects Command Panzer IV F Medium Tank
Command Panzer IV F Medium Tank
The Hof
只愛❤毛妹
0
0
Comments
sign in to comment!
No comments posted yet!